Map: Oxide LE

Players

Serral - Winner!

  • Race: Zerg Zerg

Zoun

  • Race: Protoss Protoss

Event: TSL 7

VOD

Have the link to the VOD?

Description

Time

  • Played on: June 19, 2021, 3:04 p.m.
  • Length: 7:21

All games in this series

Show
View Real Time Build Order
Export as new Build Order

Serral Zerg - Winner!

Build Orders: Hatch First 

Get SALT Encoding   

  12  0:00  Drone  
  13  0:12  Overlord  
  13  0:17  Drone  
  14  0:30  Drone x2  
  16  0:45  Drone  
  17  0:52  Hatchery  
  17  0:54  Drone  
  17  0:58  Drone  
  18  1:08  Extractor  
  17  1:13  Spawning Pool  
  17  1:17  Drone  
  17  1:20  Drone  
  18  1:28  Drone  
  19  1:38  Drone  
  20  1:49  Overlord  
  20  2:00  Queen  
  22  2:04  Queen, Zergling x2  
  22  2:05  Zergling x2  
  26  2:10  Drone  
  26  2:12  Metabolic Boost  
  26  2:15  Drone  
  28  2:22  Drone  
  29  2:25  Drone  
  30  2:36  Queen  
  32  2:43  Hatchery  
  31  2:44  Drone  
  31  2:48  Drone  
  33  2:51  Overlord  
  33  2:55  Drone  
  33  2:56  Drone  
  35  3:00  Drone  
  35  3:04  Overlord  
  36  3:09  Overlord  
  36  3:13  Drone x3  
  39  3:23  Drone x2  
  39  3:24  Drone  
  39  3:26  Queen  
  44  3:31  Queen  
  44  3:33  Drone  
  47  3:37  Overlord  
  47  3:40  Drone  
  48  3:44  Drone x3  
  48  3:45  Drone  
  52  3:51  Roach Warren  
  51  3:58  Queen  
  51  3:59  Drone x2  
  55  4:03  Drone  
  55  4:04  Drone, Extractor  
  56  4:10  Drone  
  56  4:11  Drone  
  56  4:15  Overlord  
  58  4:17  Drone x2  
  58  4:18  Drone, Lair  
  58  4:23  Extractor, Zergling x4  
  62  4:28  Zergling x8  
  66  4:35  Drone x3  
  66  4:37  Drone  
  70  4:41  Extractor, Overlord  
  70  4:45  Drone x3  
  72  4:46  Extractor  
  72  4:48  Zergling x2  
  72  4:49  Roach  
  72  4:50  Overlord  
  72  4:51  Overlord  
  74  4:54  Overlord  
  74  4:59  Overlord  
  74  5:00  Drone  
  74  5:02  Drone  
  76  5:10  Roach x2  
  76  5:11  Roach x2  
  76  5:13  Overlord  
  83  5:21  Glial Reconstitution  
  83  5:26  Overlord  
  83  5:28  Roach x5  
  93  5:30  Overlord  
  93  5:35  Ravager x3  
  96  5:37  Roach x2  
  104  5:42  Roach  
  104  5:43  Zergling x2, Roach  
  104  5:49  Roach x3  
  107  5:57  Roach x3  
  107  5:59  Ravager  
  107  6:01  Zergling x6  
  117  6:08  Ravager x2  
  119  6:13  Zergling x2, Roach x2  
  119  6:14  Roach x2  
  128  6:20  Ravager  
  128  6:22  Overlord  
  128  6:24  Zergling x4, Roach x2  
  135  6:32  Zergling x2, Roach  
  128  6:42  Zergling x2, Roach x5  
  128  6:45  Ravager x2  
  137  6:52  Zergling x2, Roach x3  
  137  6:53  Zergling x2  
  139  6:57  Zergling x2  
  139  6:58  Zergling x2  
Show
View Real Time Build Order
Export as new Build Order

Zoun Protoss 

Build Orders: 1 Gate Expand, Colossus Rush 

Get SALT Encoding   

  12  0:00  Probe  
  13  0:12  Probe  
  14  0:19  Pylon  
  14  0:24  Probe  
  15  0:37  Probe (Chrono Boost)  
  15  0:39  Gateway  
  16  0:46  Probe (Chrono Boost)  
  16  0:49  Assimilator  
  17  0:51  Probe (Chrono Boost)  
  18  1:04  Probe  
  19  1:16  Probe  
  20  1:25  Nexus  
  20  1:36  Cybernetics Core  
  20  1:39  Probe  
  21  1:45  Assimilator  
  21  1:51  Probe  
  22  1:54  Pylon  
  22  2:03  Probe  
  23  2:09  Adept (Chrono Boost)  
  23  2:12  Warp Gate  
  25  2:15  Probe  
  26  2:23  Robotics Facility  
  26  2:28  Probe  
  27  2:32  Stalker (Chrono Boost)  
  29  2:38  Probe (Chrono Boost)  
  31  2:46  Probe (Chrono Boost)  
  31  2:50  Probe (Chrono Boost)  
  32  2:55  Probe (Chrono Boost)  
  32  2:56  Probe (Chrono Boost)  
  34  3:05  Probe  
  34  3:06  Probe  
  34  3:11  Observer  
  37  3:18  Probe, Robotics Bay  
  37  3:19  Probe  
  39  3:25  Gateway  
  39  3:30  Probe  
  39  3:31  Warp Prism (Chrono Boost)  
  42  3:36  Pylon  
  42  3:37  Probe  
  43  3:42  Probe  
  43  3:44  Assimilator  
  44  3:49  Probe  
  44  3:54  Probe, Gateway  
  46  3:55  Gateway  
  46  4:00  Pylon  
  46  4:04  Disruptor (Chrono Boost)  
  46  4:05  Gravitic Drive  
  46  4:09  Probe  
  50  4:10  Probe  
  50  4:14  Assimilator  
  51  4:21  Observer  
  51  4:22  Gateway x2  
  51  4:29  Probe  
  51  4:30  Disruptor (Chrono Boost)  
  51  4:31  Probe  
  56  4:35  Pylon  
  56  4:47  Probe  
  56  4:49  Pylon  
  56  4:52  Colossus (Chrono Boost)  
  57  4:53  Gateway  
  57  4:59  Gateway  
  63  5:00  Sentry  
  63  5:03  Pylon  
  65  5:07  Sentry  
  67  5:22  Observer  
  67  5:23  Sentry  
  67  5:24  Sentry  
  67  5:27  Zealot x3  
  77  5:35  Stalker  
  79  5:40  Pylon  
  79  5:41  Pylon  
  79  6:01  Stalker x6  
  79  6:02  Stalker  
  79  6:04  Zealot  
  95  6:24  Stalker x3  
  101  6:28  Pylon  
  99  6:43  Stalker x3  
  99  6:47  Stalker x2  
  99  6:48  Stalker x2  
  83  6:57  Stalker x5  
  91  7:07  Stalker x3  
Tags
 
Add a new tag
Caveats
  • Supply blocks, unpowered buildings, or Contaminate may cause inaccurate times.
  • Supply counts are checked every 10 seconds.